 Dungeon Crawl Stone Soup version 0.29-a0-352-g0917bc69df (webtiles) character file.

Game seed: 8523593055464539628

45 pokeman the Magician (level 3, -2/20 HPs)
             Began as a Deep Elf Hedge Wizard on Apr 24, 2022.
             Slain by an adder (3 damage)
             ... on level 2 of the Dungeon.
             The game lasted 00:02:39 (1788 turns).

pokeman the Magician (Deep Elf Hedge Wizard)        Turns: 1788, Time: 00:02:39

Health: -2/20      AC:  2    Str:  7    XL:     3   Next: 42%
Magic:  1/11       EV: 12    Int: 20    God:
Gold:   64         SH:  0    Dex: 14    Spells: 1/12 levels left

rFire   . . .      SeeInvis .   j - +0 trident (vorpal)
rCold   . . .      Faith    .   (no shield)
rNeg    . . .      Spirit   .   b - +0 robe
rPois   .          Reflect  .   c - +0 hat
rElec   .          Harm     .   (no cloak)
rCorr   .          Rampage  .   (no gloves)
Will    .....                   (no boots)
Stlth   ++........              (no amulet)
HPRegen 0.06/turn               (no ring)
MPRegen 0.12/turn               (no ring)

@: lethally poisoned (-2 -> -8), flying
A: no striking features
a: no special abilities


You were on level 2 of the Dungeon.
You visited 1 branch of the dungeon, and saw 2 of its levels.

You collected 64 gold pieces.

Inventory:

Hand Weapons
 j - a +0 vorpal trident (weapon)
Missiles
 i - 3 throwing nets
Armour
 b - a +0 robe (worn)
 c - a +0 hat (worn)
Magical Staves
 k - a staff of air
Jewellery
 e - an amulet of faith
Scrolls
 a - a scroll of teleportation {unknown}
 g - a scroll of identify {unknown}
 m - a scroll of vulnerability {unknown}
Potions
 d - a potion of magic
 h - a potion of heal wounds {unknown}
 l - 2 potions of lignification {unknown}


   Skills:
 + Level 0.9 Fighting
 + Level 0.9 Armour
 - Level 2.4 Dodging
 - Level 2.4 Stealth
 * Level 5.2 Spellcasting
 + Level 2.0 Conjurations
 - Level 1.1 Summonings
 - Level 1.1 Translocations


You had one spell level left.
You knew the following spells:

 Your Spells              Type           Power      Damage    Failure   Level
a - Magic Dart            Conj           52%        1d5       4%          1
b - Mephitic Cloud        Conj/Pois/Air  7%         N/A       26%         3
c - Call Imp              Summ           9%         N/A       11%         2
d - Blink                 Tloc           18%        N/A       11%         2
e - Conjure Flame         Conj/Fire      9%         6-21      22%         3

Your spell library contained the following spells:

 Spells                   Type           Power      Damage    Failure   Level
 Animate Skeleton         Necr           10%        N/A       12%         1
 Pain                     Necr           20%        1d5       12%         1
 Slow                     Hex            20%        N/A       12%         1
 Sublimation of Blood     Necr           5%         N/A       17%         2
 Wereblood                Tmut           5%         N/A       17%         2
 Vampiric Draining        Necr           5%         2d6       34%         3
 Summon Hydra             Summ           4%         N/A       100%        7


Dungeon Overview and Level Annotations

Branches:
Dungeon (2/15)

Altars:
Sif Muna


Message History

Casting: Magic Dart (safe; 4% risk of failure)
Confirm with . or Enter, or press ? or * to list all spells.
You don't have enough magic to cast this spell.
Unknown command.
Casting: Magic Dart (safe; 4% risk of failure)
Confirm with . or Enter, or press ? or * to list all spells.
You don't have enough magic to cast this spell.
Unknown command.
Casting: Magic Dart (safe; 4% risk of failure)
Confirm with . or Enter, or press ? or * to list all spells.
You don't have enough magic to cast this spell.
You miss the adder.
The adder is heavily wounded.
The jackal closely misses you. The adder bites you.
The jackal closely misses you.
You miss the adder.
The adder is heavily wounded.
The adder bites you. The jackal bites you. The adder bites you.
You are poisoned.
The adder poisons you! The jackal closely misses you.
You completely miss the adder.
The adder is heavily wounded.
You feel sick. The adder closely misses you. The jackal barely misses you.
The adder bites you.
You are lethally poisoned!
The adder poisons you!
You closely miss the adder.
The adder is heavily wounded.
* * * LOW HITPOINT WARNING * * *
You feel very sick. The jackal barely misses you. The adder closely misses you.
The jackal bites you.
* * * LOW HITPOINT WARNING * * *
The adder bites you but does no damage.
It was a potion of flight.
You feel very buoyant.
You fly up into the air.
* * * LOW HITPOINT WARNING * * *
You feel sick. The jackal closely misses you. The adder bites you.
You die...

...... ........ ......
....... ...... .. .....
..PP.. ... ♣...♣ ♣ ..♣♣♣.
.... ♣...♣ P..♣ . ♣.
...P♣♣♣...♣♣♣P..♣ ♣.
#...P..†Sh........ .P.
#.......@........" ...
#.P.PP.....P..... P..
#..♣♣♣...♣♣♣..P♣ ... ♣. .
♣..P♣ ♣...♣ ... ♣.
...♣♣♣P..♣♣♣...♣♣♣P..♣♣♣.
......)...P.P.P.....P.PP.
........)................
...PP.P.P.........P†....P
..P♣♣♣P..♣♣♣...♣♣♣..P♣♣♣P


You could see an adder and a jackal.

Vanquished Creatures
  A dart slug (D:1)
  5 bats
  3 endoplasms
  2 giant cockroaches (D:1)
  3 goblins (D:1)
  4 hobgoblins
  5 jackals (D:2)
  2 quokkas (D:1)
  3 ball pythons
  6 kobolds
  4 rats (D:1)
38 creatures vanquished.

Vanquished Creatures (others)
  A fungus (D:1)
  19 plants (D:2)
20 creatures vanquished.

Grand Total: 58 creatures vanquished

Notes
Turn   | Place    | Note
-------+----------+-------------------------------------------
     0 | D:1      | pokeman the Deep Elf Hedge Wizard began the quest for the
                  | Orb.
     0 | D:1      | Reached XP level 1. HP: 10/10 MP: 7/7
   361 | D:1      | Reached XP level 2. HP: 16/16 MP: 5/9
   483 | D:1      | Found a faded altar of an unknown god.
   592 | D:1      | Got Plato's Papyrus of Evil
   839 | D:1      | Reached skill level 5 in Spellcasting
  1056 | D:1      | Found a shimmering blue altar of Sif Muna.
  1353 | D:1      | Reached XP level 3. HP: 20/20 MP: 7/11
  1357 | D:1      | Learned a level 3 spell: Mephitic Cloud
  1361 | D:1      | Learned a level 2 spell: Call Imp
  1364 | D:1      | Learned a level 2 spell: Blink
  1368 | D:1      | Learned a level 3 spell: Conjure Flame
  1788 | D:2      | HP: 1/20 [poisoned by an adder]
  1788 | D:2      | Slain by an adder

Illustrated notes

Levels and vault maps discovered:
D:1:      erik_arrival_blinker_ship, layout_rooms,
          shapermc_ecumenical_altar_rom_forum, ebering_dispersal_statue_hall,
          minmay_hexomino_r4
D:2:      layout_basic, kennysheep_boxes

Skill      XL: |  1  2  3 |
---------------+----------+-----
Spellcasting   | 5 |  5.2
Conjurations   | 2 |  2.0
Fighting       | |  0.9
Armour         | |  0.9
Dodging        | |  2.4
Stealth        | |  2.4
Summonings     | |  1.1
Translocations | |  1.1

Action                   || total
-------------------------++-------
Melee: Dagger            ||    14
       Trident           ||     4
 Cast: Magic Dart        ||   110
  Use: Potion            ||     1
Armor: Robe              ||     7
Dodge: Dodged            ||    38

Table legend: (Time is in decaauts)
 A = Elapsed time spent in this place.
 B = Non-inter-level travel time spent in this place.
 C = Inter-level travel time spent in this place.
 D = Time resting spent in this place.
 E = Time spent auto-exploring this place.
 F = Levels seen in this place.
 G = Mean time per level.
                   A        B        C        D        E       F      G
               +--------+--------+--------+--------+--------+-----+--------+
         Total |   1788 |   1759 |     29 |      0 |   1520 |   2 |  894.0 |
       Dungeon |   1788 |   1759 |     29 |      0 |   1520 |   2 |  894.0 |
               +--------+--------+--------+--------+--------+-----+--------+

Top non-repeatable levels by time:
     D:1: 1421 daAuts
     D:2: 367 daAuts
